 Dungeon Crawl Stone Soup version 0.30-a0-269-gf0224bf7b6 (webtiles) character file.

Game seed: 2781286402607166814

387 themarg the Fighter (level 6, -20/62 HPs)
             Began as a Minotaur Monk on Oct 14, 2022.
             Demolished by an ogre
             ... wielding a +0 giant spiked club
              (31 damage)
             ... on level 4 of the Dungeon.
             The game lasted 00:08:55 (2576 turns).

themarg the Fighter (Minotaur Monk)                 Turns: 2576, Time: 00:08:56

Health: -20/62     AC:  8    Str: 18    XL:     6   Next: 49%
Magic:  5/5        EV: 10    Int:  7    God:
Gold:   251        SH:  0    Dex: 12    Spells: 5/5 levels left

rFire   . . .      SeeInvis .    a - +0 hand axe
rCold   . . .      Faith    .    (no shield)
rNeg    . . .      Spirit   .    q - +0 scale mail
rPois   .          Reflect  .    (helmet restricted)
rElec   .          Harm     .    u - +0 cloak
rCorr   .          Rampage  .    (no gloves)
Will    .....                    h - +0 pair of boots
Stlth   ..........               (no amulet)
HPRegen 0.30/turn                (no ring)
MPRegen 0.09/turn                (no ring)

@: confused, ambrosia-drunk
A: horns 2, retaliatory headbutt
a: no special abilities


You were on level 4 of the Dungeon.
You visited 1 branch of the dungeon, and saw 4 of its levels.

You collected 251 gold pieces.

Inventory:

Hand Weapons
 a - a +0 hand axe (weapon)
Missiles
 f - 34 stones (quivered)
 g - 21 poisoned darts
Armour
 h - a +0 pair of boots (worn)
 q - a +0 scale mail (worn)
 u - a +0 cloak (worn)
Jewellery
 w - the ring "Noawetz" {*Corrode rF+ rN+ Will+ Dex+3}
   (You found it on level 3 of the Dungeon)

   [ring of protection from fire]

   Dex:       It affects your dexterity (+3).
   rF:        It protects you from fire.
   rN:        It protects you from negative energy.
   *Corrode:  It may corrode you when you take damage.
   Will:      It increases your willpower.
Wands
 b - a wand of polymorph (6)
Scrolls
 e - a scroll of teleportation {unknown}
 i - a scroll of noise {unknown}
 j - a scroll of blinking {unknown}
 k - a scroll of immolation {unknown}
 m - a scroll of poison {unknown}
 n - a scroll of magic mapping {unknown}
 o - a scroll of fear {unknown}
 r - 2 scrolls of enchant weapon
 s - a scroll of acquirement {unknown}
Potions
 c - a potion of might
 d - a potion of invisibility {unknown}
 l - 2 potions of curing
 p - a potion of cancellation {unknown}
 t - a potion of mutation {unknown}
 v - a potion of heal wounds {unknown}


   Skills:
 + Level 8.5 Fighting
 - Level 3.9 Axes
 - Level 3.5 Dodging
 - Level 1.9 Stealth


You had 5 spell levels left.
You didn't know any spells.
Your spell library contained the following spells:

 Spells                   Type           Power      Damage    Failure   Level
 Slow                     Hex            0%         N/A       85%         1
 Sublimation of Blood     Necr           0%         N/A       94%         2
 Wereblood                Tmut           0%         N/A       94%         2
 Confusing Touch          Hex            0%         N/A       99%         3
 Ozocubu's Armour         Ice            0%         N/A       99%         3
 Vampiric Draining        Necr           0%         2d6       99%         3
 Airstrike                Air            0%         2d(0-16)  100%        4
 Summon Lightning Spire   Summ/Air       0%         N/A       100%        4
 Lightning Bolt           Conj/Air       0%         1d11      100%        5
 Ozocubu's Refrigeration  Ice            0%         4d7       100%        7
 Summon Hydra             Summ           0%         N/A       100%        7


Dungeon Overview and Level Annotations

Branches:
Dungeon (4/15)
 Temple: D:4-7

Altars:
Wu Jian

Shops:
D:1 :   D:4 [


Innate Abilities, Weirdness & Mutations

You have a pair of horns on your head.
You reflexively headbutt those who attack you in melee.


Message History

You hit the white imp.
You kill the white imp!
You hit the ball python.
You kill the ball python!
You hit the hobgoblin.
You kill the hobgoblin!
No target in view!
You now have 232 gold pieces (gained 9).
You now have 238 gold pieces (gained 6).
You see here a +2 vorpal long sword.
You now have 251 gold pieces (gained 13).
x - a potion of ambrosia
Found a cloak.
Found a leather armour.
Found an ornate altar of the Wu Jian Council.
f - 32 stones (gained 3)
A goblin is nearby!
The goblin shouts!
Found a stone staircase leading down.
You barely miss the goblin. The goblin hits you but does no damage.
You slash the goblin!
You kill the goblin!
f - 34 stones (gained 2)
An ogre is nearby!
The ogre shouts!
The ogre hits you with a +0 giant spiked club!!
Ouch! That really hurt!
You are too injured to fight recklessly!
Okay, then.
You hit the ogre. You headbutt the ogre. Your punch misses the ogre.
The ogre is lightly wounded.
You slash the ogre! Your headbutt misses the ogre.
The ogre is heavily wounded.
The ogre hits you with a +0 giant spiked club!!
* * * LOW HITPOINT WARNING * * *
You are confused.
You feel invigorated.
The ogre hits you with a +0 giant spiked club!!
Ouch! That really hurt!
You die...

!.. ..g..#. . ....... ##
.###... #.. ..# .. ##$..
..# . . ##...####.# ....
..#....##...#
#....[..........O.#
...... #.....@..#
##...... ###......# ...
#..# ###...##..#
...###.####........>...
#...##.......)..........
#...#.#................
##......#...[...........
......##................
#.........#.#.........


You could see an ogre.

Vanquished Creatures
  Sigmund (D:3)
  Crazy Yiuf (D:3)
  A jelly (D:3)
  2 hounds
  2 adders (D:3)
  A white imp (D:4)
  A worm (D:3)
  An orc (D:3)
  9 ball pythons
  6 bats
  3 endoplasms
  5 giant cockroaches
  11 goblins
  8 hobgoblins
  3 jackals (D:3)
  9 kobolds
  2 quokkas
  7 frilled lizards
  10 rats
83 creatures vanquished.

Notes
Turn   | Place    | Note
-------+----------+-------------------------------------------
     0 | D:1      | themarg the Minotaur Monk began the quest for the Orb.
     0 | D:1      | Reached XP level 1. HP: 19/19 MP: 0/0
   143 | D:1      | Found Ehomurch's Book Shoppe.
   146 | D:1      | Reached XP level 2. HP: 27/27 MP: 1/1
   151 | D:1      | Found a faded altar of an unknown god.
   248 | D:1      | Reached skill level 4 in Fighting
   383 | D:1      | Reached XP level 3. HP: 34/34 MP: 2/2
  1191 | D:3      | Reached skill level 5 in Fighting
  1191 | D:3      | Reached XP level 4. HP: 37/42 MP: 3/3
  1292 | D:3      | Noticed Sigmund
  1313 | D:3      | HP: 2/66 [something (6)]
  1314 | D:3      | Killed Sigmund
  1315 | D:3      | Reached skill level 7 in Fighting
  1315 | D:3      | Reached XP level 5. HP: 3/52 MP: 4/4
  1646 | D:3      | Reached XP level 6. HP: 61/61 MP: 5/5
  1654 | D:3      | Reached skill level 8 in Fighting
  2021 | D:3      | Found a runed translucent door.
  2022 | D:3      | Noticed Crazy Yiuf
  2033 | D:3      | Killed Crazy Yiuf
  2371 | D:3      | Identified the ring "Noawetz" {*Corrode rF+ rN+ Will+
                  | Dex+3}
  2419 | D:4      | Found Geygg's Armour Boutique.
  2559 | D:4      | Found an ornate altar of the Wu Jian Council.
  2576 | D:4      | Demolished by an ogre

Illustrated notes

Levels and vault maps discovered:
D:1:      mrwooster_arrival_arrow, layout_rooms, basic_ecumenical_altar,
          serial_shops, nicolae_shop_waterfront, minmay_surrounded
D:2:      layout_basic, serial_corexii_hall, corexii_hall_statues_deadend,
          chequers_hall_statues_wall_a, nicolae_kite_square_tiling_tiny,
          minmay_misc_feat_more_columns, minmay_tromino_v2
D:3:      layout_loops_ring, minmay_fractal_squares_diagonal_5, uniq_sigmund,
          uniq_crazy_yiuf_cottage
D:4:      layout_cave_pools, nzn_wu_jian_contemplation, serial_shops, shop

Skill      XL: |  1  2  3  4  5  6 |
---------------+-------------------+-----
Fighting       | 4 5 7 8 |  8.5
Axes           | |  3.9
Dodging        | |  3.5
Stealth        | |  1.9

Action                   |  1- 3 |  4- 6 || total
-------------------------+-------+-------++-------
Melee: Hand axe          |    79 |    91 ||   170
       Headbutt          |     9 |    18 ||    27
  Use: Potion            |       |     4 ||     4
       Scroll            |       |     3 ||     3
 Stab: Sleeping          |     2 |       ||     2
Armor: Robe              |     7 |       ||     7
       Leather armour    |    15 |       ||    15
       Scale mail        |     2 |    26 ||    28
Dodge: Dodged            |    39 |    46 ||    85

Table legend: (Time is in decaauts)
 A = Elapsed time spent in this place.
 B = Non-inter-level travel time spent in this place.
 C = Inter-level travel time spent in this place.
 D = Time resting spent in this place.
 E = Time spent auto-exploring this place.
 F = Levels seen in this place.
 G = Mean time per level.
                   A        B        C        D        E       F      G
               +--------+--------+--------+--------+--------+-----+--------+
         Total |   2602 |   2536 |     66 |    274 |   1707 |   4 |  650.5 |
       Dungeon |   2602 |   2536 |     66 |    274 |   1707 |   4 |  650.5 |
               +--------+--------+--------+--------+--------+-----+--------+

Top non-repeatable levels by time:
     D:3: 1245 daAuts
     D:1: 598 daAuts
     D:2: 597 daAuts
     D:4: 161 daAuts
